 Dungeon Crawl Stone Soup version 0.29.1-4-g47bece8355 (webtiles) character file.

Game seed: 1709536615775587145

161 Destapler the Chopper (level 5, -1/46 HPs)
             Began as a Minotaur Berserker on Dec 7, 2022.
             Was a Believer of Trog.
             Slain by Crazy Yiuf
             ... wielding a +2 quarterstaff of chaos
              (2 damage)
             ... on level 3 of the Dungeon.
             The game lasted 00:06:40 (3167 turns).

Destapler the Chopper (Minotaur Berserker)          Turns: 3167, Time: 00:06:42

Health: -1/46      AC:  3    Str: 30    XL:     5   Next: 18%
Magic:  4/4        EV: 12    Int:  4    God:    Trog [**....]
Gold:   132        SH:  0    Dex:  9    Spells: 4/4 levels left

rFire   . . .      SeeInvis .   b - +3 short sword
rCold   . . .      Faith    .   (no shield)
rNeg    . . .      Spirit   .   g - +0 leather armour
rPois   .          Reflect  .   (helmet restricted)
rElec   .          Harm     .   (no cloak)
rCorr   .          Rampage  .   (no gloves)
Will    .....                   (no boots)
Stlth   +.........              (no amulet)
HPRegen 0.15/turn               n - +6 ring of strength
MPRegen 0.09/turn               (no ring)

@: on berserk cooldown, slowed, very slow
A: horns 2, retaliatory headbutt
a: Renounce Religion, Berserk, Trog's Hand


You were on level 3 of the Dungeon.
You worshipped Trog.
Trog was pleased with you.
You visited 1 branch of the dungeon, and saw 3 of its levels.

You collected 132 gold pieces.

Inventory:

Hand Weapons
 a - a +0 hand axe
 b - a +3 short sword (weapon)
 t - a +2 sling of flaming
 v - a +1 whip of venom
Missiles
 c - 37 stones (quivered)
Armour
 g - a +0 leather armour (worn)
 i - a +0 animal skin
Jewellery
 n - a +6 ring of strength (left hand)
 w - a ring of fire
 x - a ring of poison resistance
Scrolls
 d - a scroll of amnesia {unknown}
 h - a scroll of silence {unknown}
 k - 2 scrolls of teleportation {unknown}
 l - a scroll of fear {unknown}
 m - a scroll of vulnerability {unknown}
 r - 2 scrolls of identify {unknown}
Potions
 e - 4 potions of heal wounds
 f - 3 potions of curing {unknown}
 j - a potion of cancellation {unknown}
 o - a potion of mutation {unknown}
 p - a potion of lignification {unknown}
 q - 2 potions of haste {unknown}
 s - a potion of degeneration {unknown}
 u - a potion of ambrosia {unknown}


   Skills:
 - Level 4.0 Fighting
 - Level 4.0 Axes
 + Level 1.1 Ranged Weapons
 + Level 1.7 Throwing
 + Level 3.5 Armour
 - Level 3.0 Dodging
 - Level 1.0 Stealth
 + Level 1.9 Shields
 - Level 1.0 Evocations


You had 4 spell levels left.
You didn't know any spells.
Your spell library contained the following spells:

 Spells                   Type           Power      Damage    Failure   Level
 Call Canine Familiar     Summ           0%         N/A       88%         3
 Ignite Poison            Fire/Tmut/Pois 0%         N/A       88%         3
 Mephitic Cloud           Conj/Pois/Air  0%         N/A       88%         3
 Portal Projectile        Hex/Tloc       0%         N/A       88%         3
 Leda's Liquefaction      Hex/Erth       0%         N/A       99%         4
 Freezing Cloud           Conj/Ice/Air   0%         6-21      100%        5


Dungeon Overview and Level Annotations

Branches:
Dungeon (3/15)

Altars:
Xom

Annotations:
D:3 Crazy Yiuf


Innate Abilities, Weirdness & Mutations

You have a pair of horns on your head.
You reflexively headbutt those who attack you in melee.


Message History

A red film seems to cover your vision as you go berserk!
You feel yourself moving faster!
You feel mighty! Terence hits you with a +0 short sword.
You hit Terence. Your headbutt misses Terence.
Terence is moderately wounded.
Terence screams, "I want your blood!" Terence hits you with a +0 short sword.
You puncture Terence! You headbutt Terence.
You kill Terence!
Trog accepts your kill.
Training target 3.0 for Dodging reached!
Your Ranged Weapons skill increases to level 1!
Your Dodging skill increases to level 3!
You have reached level 5!
e - 4 potions of heal wounds (gained 1)
Things that are here:
a +0 short sword; a +0 scale mail; the human corpse of Terence You feel a strong urge to attack something.
The door flies open with a bang!
You feel your anger nearly subside.
You are no longer berserk.
You are exhausted.
You feel yourself slow down.
Crazy Yiuf hits you with a +2 quarterstaff of chaos.
There is an open translucent door here.
You barely miss Crazy Yiuf.
Crazy Yiuf hits you with a +2 quarterstaff of chaos!
* * * LOW HITPOINT WARNING * * *
Crazy Yiuf says, "Nubble!
Proton down shrimp."
Crazy Yiuf misses you.
You hit Crazy Yiuf but do no damage.
Crazy Yiuf says, "Cod shoe agre!"
Crazy Yiuf hits you with a +2 quarterstaff of chaos!
* * * LOW HITPOINT WARNING * * *
You hit Crazy Yiuf.
Crazy Yiuf is lightly wounded.
Crazy Yiuf says, "Lay childish snockshim!"
Crazy Yiuf hits you with a +2 quarterstaff of chaos!
* * * LOW HITPOINT WARNING * * *
Crazy Yiuf freezes you.
You die...

.## #.# #.##...#.#
#....# .# #.#
#.####.#.# ###.## .#
##'# #........# #.#
.# ##..# ##########
#.##### ####...#
#.....# ##....#
#...... ##.....##♣♣
#### #####.#...#
.'........♣♣ ♣♣#..)#
#..........
##.........♣♣♣♣.@g..#
#####.#...#
##.........♣.)♣#...#
#.##..#
##.......♣.♣♣♣ ####
#.###.# ##..##♣♣♣♣♣
#...... ##'# ####...
#.########## ###
##.#.# #.#........#
#.# ##.##)#
##.#.######.# #.#
#.###.# ##....# #.#
#.# #.# #..


You could see Crazy Yiuf.

Vanquished Creatures
  Jessica (D:3)
  Terence (D:3)
  2 adders
  6 dart slugs
  4 orcs (D:3)
  3 ball pythons
  7 endoplasms
  2 giant cockroaches
  10 goblins
  6 hobgoblins
  12 kobolds
  3 quokkas
  8 bats
  4 frilled lizards
  2 rats
71 creatures vanquished.

Notes
Turn   | Place    | Note
-------+----------+-------------------------------------------
     0 | D:1      | Destapler the Minotaur Berserker began the quest for the
                  | Orb.
     0 | D:1      | Reached XP level 1. HP: 19/19 MP: 0/0
    65 | D:1      | Reached XP level 2. HP: 22/27 MP: 1/1
   739 | D:1      | Reached XP level 3. HP: 23/33 MP: 2/2
   742 | D:1      | Reached ** piety under Trog
  1355 | D:2      | Found a faded altar of an unknown god.
  1389 | D:2      | Reached skill level 1 in Throwing
  1454 | D:2      | You fall into a shaft and drop 1 floor!
  1469 | D:2      | Reached skill level 1 in Shields
  1614 | D:2      | Reached XP level 4. HP: 36/40 MP: 3/3
  1622 | D:2      | Reached skill level 1 in Evocations
  1971 | D:2      | Found a shimmering altar of Xom.
  2090 | D:3      | Noticed Jessica
  2101 | D:3      | Killed Jessica
  2102 | D:3      | Reached skill level 1 in Stealth
  3146 | D:3      | Found a runed translucent door.
  3146 | D:3      | Noticed Terence
  3147 | D:3      | Noticed Crazy Yiuf
  3159 | D:3      | Killed Terence
  3160 | D:3      | Reached skill level 1 in Ranged Weapons
  3160 | D:3      | Reached XP level 5. HP: 46/46 MP: 4/4
  3167 | D:3      | HP: 1/46 [Crazy Yiuf/+2 quarterstaff of chaos (9)]
  3167 | D:3      | Slain by Crazy Yiuf

Illustrated notes

Levels and vault maps discovered:
D:1:      wander_arrival_desolate, layout_loops_corners,
          minmay_indecisive_spiral
D:2:      layout_basic, basic_altar, nicolae_ecumenical_pavilion,
          grunt_ministairs_2
D:3:      layout_loops_corners, uniq_crazy_yiuf_cottage, uniq_jessica,
          uniq_terence

Skill      XL: |  1  2  3  4 |
---------------+-------------+-----
Axes           | 4 |  4.0
Throwing       | 1 |  1.7
Fighting       | 4 |  4.0
Armour         | 3 |  3.5
Shields        | 1 |  1.9
Evocations     | 1 |  1.0
Stealth        | 1 |  1.0
Ranged Weapons | 1 |  1.1
Dodging        | 3 |  3.0

Action                   |  1- 3 |  4- 6 || total
-------------------------+-------+-------++-------
Melee: Hand axe          |    44 |       ||    44
       Headbutt          |     9 |    15 ||    24
       Punch             |     4 |       ||     4
       Short sword       |    43 |    65 ||   108
Invok: Berserk           |       |     2 ||     2
  Use: Potion            |       |     1 ||     1
Armor: Animal skin       |     3 |       ||     3
       Leather armour    |    19 |    24 ||    43
Dodge: Dodged            |    56 |    32 ||    88
